Map: King's Cove LE

Players

Rex

  • Race: Zerg Zerg
  • Spawn Location: 5:00

Cham - Winner!

  • Race: Zerg Zerg
  • League: Grandmaster
  • Spawn Location: 11:00

Event: 2019 WCS Winter Americas

VOD

Have the link to the VOD?

Description

Time

  • Played on: Feb. 14, 2019, 1:54 p.m.
  • Length: 9:12

All games in this series

Show
View Real Time Build Order
Export as new Build Order

Rex Zerg 

Build Orders: Pool First 

Get SALT Encoding   

  12  0:01  Drone  
  13  0:13  Overlord  
  13  0:19  Drone  
  14  0:32  Drone x2  
  16  0:42  Spawning Pool  
  15  0:45  Drone  
  15  0:49  Drone  
  17  1:11  Hatchery  
  17  1:14  Drone  
  17  1:27  Extractor  
  17  1:29  Zergling x2  
  17  1:30  Zergling x4  
  19  1:34  Queen  
  21  1:44  Overlord  
  21  1:55  Drone  
  22  2:02  Drone  
  23  2:10  Queen  
  23  2:13  Drone  
  26  2:23  Queen  
  26  2:26  Drone x2  
  30  2:34  Metabolic Boost  
  30  2:36  Drone x2  
  32  2:42  Drone  
  32  2:43  Drone  
  33  2:48  Drone  
  32  2:53  Drone  
  32  2:55  Overlord  
  32  2:58  Drone  
  34  3:08  Evolution Chamber  
  34  3:09  Drone  
  34  3:10  Drone  
  35  3:19  Drone x5  
  40  3:26  Overlord  
  40  3:35  Zerg Melee Weapons Level 1  
  40  3:36  Roach Warren  
  39  3:42  Evolution Chamber  
  38  3:48  Zergling x2  
  38  3:49  Zergling x8  
  38  3:50  Zergling x2  
  44  3:59  Zergling x2  
  44  4:00  Zergling x6  
  48  4:06  Zergling x8  
  52  4:13  Overlord  
  52  4:28  Zerg Ground Armor Level 1  
  52  4:37  Drone  
  52  4:38  Drone x5  
  58  4:39  Drone  
  58  4:40  Hatchery  
  58  4:43  Drone x2  
  59  4:47  Overlord  
  59  4:51  Overlord  
  59  4:58  Extractor  
  59  4:59  Overlord  
  58  5:02  Zergling x2  
  58  5:06  Zergling x2  
  61  5:07  Zergling x8  
  61  5:10  Zergling x2  
  61  5:11  Zergling x4  
  65  5:16  Zergling x2  
  64  5:24  Zergling x4  
  58  5:31  Zergling x2  
  58  5:35  Hatchery  
  57  5:51  Roach x5  
  57  5:52  Roach  
  69  5:59  Overlord  
  69  6:01  Roach  
  69  6:07  Hatchery  
  69  6:08  Roach x3  
  74  6:14  Overlord  
  74  6:16  Zergling x2  
  75  6:23  Zergling x4  
  77  6:38  Zergling x10  
  82  6:44  Overlord  
  82  6:45  Zergling x2  
  82  6:46  Zergling x2  
  84  6:49  Zergling x2  
  84  6:50  Zergling x4  
  87  6:58  Zergling x2  
  87  6:59  Zergling x2  
  89  7:01  Zergling x2  
  89  7:04  Zergling x4  
  92  7:09  Zergling x6  
  92  7:11  Zergling x2  
  92  7:13  Zergling x6  
  99  7:16  Ravager x6  
  99  7:17  Ravager  
  99  7:20  Zergling x4  
  99  7:22  Zergling x4  
  110  7:23  Zergling x4  
  110  7:24  Overlord  
  112  7:32  Zergling x4  
  112  7:34  Zergling x4  
  116  7:42  Zergling x2  
  116  7:43  Zergling x2  
  118  7:44  Zergling x4  
  118  7:45  Zergling x6  
  118  7:46  Zergling x2  
  118  7:47  Zergling x2  
  118  7:51  Zergling x2  
  118  7:52  Zergling x4  
  118  7:53  Zergling x2  
  118  7:54  Zergling x2  
  118  7:55  Zergling x2  
  118  7:57  Zergling x2  
  100  8:00  Zergling x2  
  100  8:03  Zergling x2  
  95  8:05  Zergling x2  
  95  8:07  Zergling x2  
  89  8:14  Zergling x4  
  89  8:15  Zergling x2  
  89  8:16  Zergling x4  
  89  8:18  Zergling x6  
  95  8:23  Zergling x2  
  95  8:24  Zergling x6  
  95  8:26  Zergling x2  
  96  8:29  Ravager  
  96  8:30  Zergling x2  
  96  8:33  Zergling x4  
  100  8:37  Zergling x4  
  100  8:38  Zergling x2  
  100  8:41  Zergling x4  
  105  8:43  Zergling x4  
  105  8:45  Zergling x2  
  105  8:48  Zergling x2  
  109  8:50  Zergling x2  
  109  8:53  Zergling x2  
Show
View Real Time Build Order
Export as new Build Order

Cham Zerg - Winner!

Build Orders: Hatch First 

Get SALT Encoding   

  12  0:00  Drone  
  13  0:08  Drone  
  14  0:17  Overlord  
  14  0:35  Drone  
  14  0:36  Drone  
  16  0:50  Hatchery  
  16  0:54  Drone  
  16  1:00  Drone  
  16  1:02  Drone  
  18  1:04  Extractor  
  17  1:16  Spawning Pool  
  16  1:19  Drone  
  16  1:22  Drone  
  18  1:30  Drone  
  19  1:48  Overlord  
  19  2:04  Queen x2  
  19  2:05  Zergling x4  
  19  2:07  Drone  
  26  2:11  Metabolic Boost  
  27  2:15  Drone  
  27  2:26  Drone  
  27  2:27  Drone x2  
  30  2:35  Zergling x2  
  31  2:39  Zergling x2  
  31  2:43  Queen  
  34  2:50  Queen  
  34  2:54  Overlord  
  34  2:58  Drone  
  35  3:00  Drone  
  35  3:04  Overlord  
  36  3:10  Overlord  
  36  3:15  Drone  
  36  3:16  Drone  
  36  3:17  Drone  
  36  3:19  Drone  
  40  3:25  Drone x2  
  42  3:30  Evolution Chamber  
  41  3:36  Drone  
  41  3:37  Drone  
  43  3:46  Hatchery  
  42  3:48  Drone x2  
  42  3:50  Drone  
  45  3:59  Zerg Ground Armor Level 1  
  45  4:00  Overlord  
  45  4:04  Zergling x2  
  45  4:05  Zergling x2  
  45  4:08  Zergling x4  
  50  4:10  Zergling x2  
  50  4:11  Zergling x2  
  51  4:23  Zergling x2  
  51  4:24  Zergling x2  
  53  4:27  Zergling x6  
  55  4:32  Zergling x6  
  55  4:35  Drone  
  55  4:38  Overlord, Roach Warren  
  58  4:49  Drone x2  
  58  4:52  Extractor  
  59  4:55  Overlord, Extractor  
  59  4:57  Drone x3  
  59  4:59  Drone  
  62  5:08  Drone x4  
  64  5:17  Drone  
  64  5:20  Lair  
  63  5:21  Drone x3  
  63  5:24  Drone x2  
  63  5:25  Drone x2  
  62  5:31  Roach  
  62  5:32  Zergling x2  
  62  5:33  Zergling x4  
  62  5:34  Roach x2  
  67  5:40  Roach  
  67  5:41  Roach  
  70  5:44  Roach  
  70  5:46  Zergling x4  
  70  5:49  Overlord  
  74  5:53  Overlord  
  74  5:56  Zerg Missile Weapons Level 1  
  74  5:57  Overlord  
  74  6:02  Overlord x2  
  73  6:06  Overlord  
  73  6:07  Overlord  
  73  6:11  Roach  
  73  6:12  Roach  
  73  6:17  Glial Reconstitution  
  77  6:19  Drone x3  
  77  6:21  Extractor, Drone x2  
  77  6:22  Drone  
  77  6:25  Roach  
  84  6:30  Roach x2  
  84  6:31  Roach  
  90  6:34  Overlord  
  90  6:36  Roach, Overseer  
  90  6:39  Roach  
  94  6:42  Overlord  
  94  6:47  Roach  
  96  6:49  Roach x3  
  96  6:51  Overlord  
  96  6:54  Roach  
  104  6:55  Roach  
  104  6:58  Roach  
  104  7:00  Roach  
  104  7:01  Roach  
  111  7:07  Overlord  
  109  7:08  Roach  
  109  7:09  Roach x2  
  109  7:15  Roach x3  
  119  7:18  Roach x2  
  119  7:22  Roach  
  125  7:25  Roach x2  
  125  7:26  Roach  
  125  7:28  Roach  
  133  7:31  Roach  
  133  7:33  Roach  
  133  7:36  Roach  
  141  7:37  Roach  
  141  7:39  Roach  
  141  7:40  Roach  
  141  7:43  Roach  
  147  7:50  Roach  
  147  7:51  Roach x3  
  155  7:54  Roach  
  155  7:55  Roach  
  155  7:58  Roach  
  133  7:59  Roach  
  133  8:03  Roach x2  
  125  8:09  Roach x2  
  125  8:12  Zergling x4  
  127  8:15  Zergling x6  
  127  8:16  Zergling x2  
  127  8:18  Roach  
  133  8:24  Roach x3  
  133  8:26  Roach  
  139  8:28  Roach  
  139  8:29  Roach  
  139  8:31  Roach  
  145  8:35  Roach  
  145  8:38  Roach  
  145  8:39  Roach  
  151  8:45  Overlord  
  153  8:48  Roach  
  153  8:49  Roach x2  
  153  8:51  Roach  
  155  9:07  Ravager  
Tags
 
Add a new tag
Caveats
  • Supply blocks, unpowered buildings, or Contaminate may cause inaccurate times.
  • Supply counts are checked every 10 seconds.